General information
- name: BNet
- type: Ladder team game (AT/RT)
- host: Battle.net
- saver: MyLiegeCyrus
map: SunrockCove
- players: 6
- length: 328:47
- speed: Fast
- version: 1.26 W3XP
- replay type:

» download(978 KB)
Players
team 1 (loser)

»
CumshotYourDad (
blue | 22 APM | 3434 actions | 159:05)
6 Blademaster
3 Wind Walk
2 Critical Strike
1 Bladestorm
5 Shadow Hunter
2 Hex
3 Healing Wave
» actions
| Assign group hotkey | 40 | |
| Basic commands | 27 | |
| Build / train | 118 | |
| Enter build submenu | 101 | |
| Enter hero's abilities submenu | 11 | |
| Give item / drop item | 9 | |
| Remove unit from queue | 9 | |
| Right click | 1604 | |
| Select / deselect | 959 | |
| Select group hotkey | 150 | |
| Use ability | 405 | |
3434 total
» units
| Peon | 32 | |
| Troll Batrider | 33 | |
| Goblin Shredder | 2 | |
| Goblin Zeppelin | 2 | |
| Troll Witch Doctor | 2 | |
71 total
» upgrades
| Reinforced Defenses | 1 | |
| Liquid Fire | 1 | |
| Witch Doctor Training | 1 | |
3 total
» buildings
| Altar of Storms | 2 | |
| Orc Burrow | 9 | |
| War Mill | 2 | |
| Voodoo Lounge | 2 | |
| Watch Tower | 109 | |
| Great Hall | 2 | |
| Stronghold | 2 | |
| Fortress | 2 | |
| Beastiary | 4 | |
| Spirit Lodge | 1 | |
135 total
» build order
00:06 Altar of Storms
00:14 Orc Burrow
00:38 War Mill
01:10 Voodoo Lounge
01:53 Watch Tower
02:19 Watch Tower
02:46 Orc Burrow
03:18 Watch Tower
03:53 Great Hall
04:41 Stronghold
05:25 Watch Tower
05:27 Watch Tower
07:02 Fortress
07:06 Beastiary
07:09 Beastiary
08:16 Watch Tower
08:16 Watch Tower
08:17 Watch Tower
12:03 Watch Tower
13:37 Watch Tower
13:39 Watch Tower
13:42 Watch Tower
13:58 Great Hall
14:59 Watch Tower
15:00 Watch Tower
15:01 Watch Tower
15:04 Watch Tower
15:04 Watch Tower
15:07 Watch Tower
15:08 Watch Tower
15:09 Watch Tower
15:10 Watch Tower
15:11 Watch Tower
15:12 Watch Tower
15:14 Watch Tower
15:15 Watch Tower
15:15 Watch Tower
15:16 Watch Tower
15:17 Watch Tower
15:21 Watch Tower
16:50 Beastiary
17:10 Watch Tower
17:11 Watch Tower
17:12 Watch Tower
17:13 Watch Tower
17:13 Watch Tower
17:37 Watch Tower
17:38 Watch Tower
17:39 Watch Tower
17:39 Watch Tower
17:40 Watch Tower
20:05 Watch Tower
20:06 Watch Tower
20:07 Watch Tower
20:08 Watch Tower
20:09 Watch Tower
20:10 Watch Tower
20:12 Watch Tower
20:13 Watch Tower
20:14 Watch Tower
20:15 Watch Tower
20:17 Watch Tower
20:17 Watch Tower
20:18 Watch Tower
20:20 Watch Tower
20:20 Watch Tower
20:22 Watch Tower
22:11 Watch Tower
22:12 Watch Tower
22:13 Watch Tower
22:18 Watch Tower
22:19 Watch Tower
22:53 Voodoo Lounge
23:44 Watch Tower
23:47 Watch Tower
23:48 Watch Tower
23:49 Watch Tower
23:49 Watch Tower
24:29 Watch Tower
24:29 Watch Tower
24:34 Watch Tower
24:36 Watch Tower
28:20 Watch Tower
28:21 Watch Tower
28:23 Watch Tower
28:25 Watch Tower
28:28 Watch Tower
28:30 Watch Tower
30:05 Watch Tower
30:06 Watch Tower
30:11 Watch Tower
30:12 Watch Tower
30:15 Watch Tower
30:17 Watch Tower
30:18 Watch Tower
30:19 Watch Tower
30:20 Watch Tower
30:24 Watch Tower
30:25 Watch Tower
30:26 Watch Tower
30:26 Watch Tower
30:27 Watch Tower
30:28 Watch Tower
30:36 Watch Tower
30:37 Watch Tower
30:38 Watch Tower
37:51 Orc Burrow
37:54 Orc Burrow
37:56 Stronghold
41:08 Fortress
43:08 Altar of Storms
43:38 Watch Tower
45:37 War Mill
49:04 Orc Burrow
52:52 Orc Burrow
53:00 Beastiary
54:15 Watch Tower
54:16 Watch Tower
54:44 Watch Tower
54:45 Watch Tower
54:57 Orc Burrow
55:04 Orc Burrow
55:24 Orc Burrow
61:40 Watch Tower
61:47 Watch Tower
61:48 Watch Tower
61:54 Watch Tower
61:55 Watch Tower
62:03 Watch Tower
62:05 Watch Tower
62:06 Watch Tower
62:19 Watch Tower
62:20 Watch Tower
62:22 Watch Tower
108:39 Spirit Lodge
» items
| Healing Salve | 2 | |
| Lesser Clarity Potion | 2 | |
| Circlet of Nobility | 3 | |
| Dust of Appearance | 1 | |
| Boots of Speed | 1 | |
| Staff of Teleportation | 2 | |
| Orb of Lightning | 2 | |
| Tiny Great Hall | 1 | |
| Scroll of Town Portal | 3 | |
17 total

»
Der_Stiernacken (
teal | 23 APM | 7586 actions | 328:46)
9 Goblin Alchemist
3 Chemical Rage
3 Acid Bomb
2 Transmute
1 Healing Spray
» actions
| Assign group hotkey | 25 | |
| Basic commands | 10 | |
| Build / train | 89 | |
| ESC pressed | 941 | |
| Enter build submenu | 34 | |
| Enter hero's abilities submenu | 9 | |
| Give item / drop item | 19 | |
| Right click | 3417 | |
| Select / deselect | 1051 | |
| Select group hotkey | 1459 | |
| Use ability | 531 | |
7586 total
» units
| Wisp | 19 | |
| Goblin Shredder | 2 | |
| Goblin Zeppelin | 1 | |
| Hippogryph | 8 | |
| Goblin Sapper | 5 | |
| Chimaera | 4 | |
| Kodo Beast | 2 | |
41 total
» upgrades
| Ultravision | 1 | |
| Reinforced Hides | 3 | |
| Nature's Blessing | 1 | |
| Strength of the Wild | 3 | |
| Well Spring | 1 | |
| Corrosive Breath | 1 | |
| War Drums Damage Increase | 1 | |
11 total
» buildings
| Moon Well | 16 | |
| Hunter's Hall | 1 | |
| Altar of Elders | 2 | |
| Ancient Protector | 4 | |
| Tree of Ages | 2 | |
| Tree of Eternity | 4 | |
| Ancient of Wind | 3 | |
| Tree of Life | 3 | |
| Ancient of Wonders | 1 | |
| Chimaera Roost | 4 | |
| Watch Tower | 126 | |
166 total
» build order
00:14 Moon Well
00:33 Hunter's Hall
00:58 Altar of Elders
01:44 Ancient Protector
02:02 Moon Well
02:25 Ancient Protector
02:42 Ancient Protector
02:50 Moon Well
03:18 Moon Well
03:55 Tree of Ages
04:56 Ancient Protector
08:05 Tree of Eternity
08:07 Ancient of Wind
08:08 Ancient of Wind
10:03 Moon Well
10:09 Tree of Life
10:31 Moon Well
10:35 Ancient of Wonders
13:52 Tree of Life
15:09 Tree of Life
15:11 Moon Well
15:11 Moon Well
15:13 Moon Well
15:16 Moon Well
19:45 Moon Well
19:48 Moon Well
19:53 Altar of Elders
20:34 Tree of Ages
26:51 Tree of Eternity
69:40 Ancient of Wind
69:58 Moon Well
70:39 Moon Well
77:09 Chimaera Roost
77:10 Chimaera Roost
77:11 Chimaera Roost
77:12 Chimaera Roost
77:24 Moon Well
77:27 Moon Well
176:12 Watch Tower
176:13 Watch Tower
176:13 Watch Tower
176:13 Watch Tower
176:14 Watch Tower
176:14 Watch Tower
176:14 Watch Tower
176:14 Watch Tower
176:15 Watch Tower
176:15 Watch Tower
176:16 Watch Tower
176:16 Watch Tower
176:16 Watch Tower
176:16 Watch Tower
176:17 Watch Tower
176:17 Watch Tower
176:18 Watch Tower
176:18 Watch Tower
176:18 Watch Tower
176:18 Watch Tower
176:21 Watch Tower
176:21 Watch Tower
176:22 Watch Tower
176:22 Watch Tower
176:22 Watch Tower
176:22 Watch Tower
176:23 Watch Tower
176:23 Watch Tower
176:23 Watch Tower
176:24 Watch Tower
176:25 Watch Tower
176:25 Watch Tower
176:26 Watch Tower
176:26 Watch Tower
176:26 Watch Tower
176:27 Watch Tower
176:27 Watch Tower
176:28 Watch Tower
176:28 Watch Tower
176:28 Watch Tower
176:29 Watch Tower
176:29 Watch Tower
177:55 Watch Tower
177:55 Watch Tower
177:57 Watch Tower
177:57 Watch Tower
177:58 Watch Tower
177:58 Watch Tower
177:58 Watch Tower
177:58 Watch Tower
177:59 Watch Tower
177:59 Watch Tower
177:59 Watch Tower
177:59 Watch Tower
178:00 Watch Tower
178:00 Watch Tower
178:00 Watch Tower
178:01 Watch Tower
178:07 Watch Tower
178:07 Watch Tower
178:08 Watch Tower
178:08 Watch Tower
178:08 Watch Tower
178:08 Watch Tower
178:11 Watch Tower
178:11 Watch Tower
178:12 Watch Tower
178:12 Watch Tower
178:12 Watch Tower
178:13 Watch Tower
178:15 Watch Tower
178:15 Watch Tower
178:16 Watch Tower
178:16 Watch Tower
182:52 Watch Tower
182:52 Watch Tower
182:53 Watch Tower
182:53 Watch Tower
182:53 Watch Tower
182:53 Watch Tower
182:54 Watch Tower
182:54 Watch Tower
182:54 Watch Tower
182:54 Watch Tower
182:55 Watch Tower
182:55 Watch Tower
182:55 Watch Tower
182:55 Watch Tower
182:56 Watch Tower
182:56 Watch Tower
182:57 Watch Tower
182:57 Watch Tower
184:23 Watch Tower
184:24 Watch Tower
184:25 Watch Tower
184:27 Watch Tower
184:28 Watch Tower
184:30 Watch Tower
» items
| Circlet of Nobility | 3 | |
| Staff of Teleportation | 1 | |
| Boots of Speed | 1 | |
| Potion of Lesser Invulnerability | 5 | |
| Potion of Invisibility | 4 | |
| Scroll of Town Portal | 5 | |
19 total

»
DerUeberNlGGER (
red | 13 APM | 3373 actions | 257:56)
5 Goblin Alchemist
3 Chemical Rage
2 Acid Bomb
» actions
| Assign group hotkey | 31 | |
| Basic commands | 62 | |
| Build / train | 62 | |
| Enter build submenu | 36 | |
| Enter hero's abilities submenu | 9 | |
| Give item / drop item | 6 | |
| Remove unit from queue | 1 | |
| Right click | 1987 | |
| Select / deselect | 792 | |
| Select group hotkey | 89 | |
| Use ability | 298 | |
3373 total
» units
| Wisp | 26 | |
| Hippogryph | 11 | |
| Goblin Zeppelin | 1 | |
38 total
» upgrades
| Well Spring | 1 | |
| Moon Armor | 1 | |
| Strength of the Wild | 3 | |
| Reinforced Hides | 3 | |
| Ultravision | 1 | |
9 total
» buildings
| Hunter's Hall | 3 | |
| Altar of Elders | 1 | |
| Ancient Protector | 15 | |
| Moon Well | 8 | |
| Tree of Ages | 2 | |
| Tree of Life | 2 | |
| Tree of Eternity | 2 | |
| Ancient of Wind | 2 | |
35 total
» build order
00:13 Hunter's Hall
00:26 Altar of Elders
01:27 Ancient Protector
01:42 Moon Well
02:19 Ancient Protector
02:52 Moon Well
04:30 Tree of Ages
04:34 Ancient Protector
04:39 Moon Well
05:17 Tree of Life
05:20 Ancient Protector
05:22 Ancient Protector
05:36 Ancient Protector
05:45 Moon Well
06:13 Ancient Protector
06:52 Moon Well
07:39 Tree of Eternity
07:39 Tree of Eternity
07:56 Ancient Protector
08:16 Ancient Protector
08:20 Ancient Protector
10:46 Ancient Protector
12:22 Ancient of Wind
12:39 Ancient Protector
12:47 Ancient Protector
15:27 Moon Well
15:28 Moon Well
16:28 Ancient of Wind
17:24 Moon Well
182:34 Tree of Life
185:39 Hunter's Hall
186:12 Hunter's Hall
187:19 Ancient Protector
187:26 Ancient Protector
» items
| Boots of Speed | 1 | |
| Staff of Teleportation | 1 | |
2 total
team 2 (winner)
baby_in_pram (
orange | 39 APM | 12764 actions | 328:46)
5 Blademaster
2 Wind Walk
3 Critical Strike
4 Shadow Hunter
2 Hex
2 Healing Wave
» actions
| Assign group hotkey | 546 | |
| Basic commands | 310 | |
| Build / train | 129 | |
| ESC pressed | 14 | |
| Enter build submenu | 51 | |
| Enter hero's abilities submenu | 10 | |
| Give item / drop item | 7 | |
| Remove unit from queue | 5 | |
| Right click | 6497 | |
| Select / deselect | 2108 | |
| Select group hotkey | 2043 | |
| Use ability | 1043 | |
12764 total
» units
| Peon | 13 | |
| Troll Batrider | 60 | |
| Raider | -1 | |
| Demolisher | 4 | |
| Kodo Beast | 1 | |
| Goblin Zeppelin | 1 | |
78 total
» upgrades
| Reinforced Defenses | 1 | |
| Liquid Fire | 1 | |
| Ranged Weapons | 1 | |
3 total
» buildings
| Altar of Storms | 2 | |
| Orc Burrow | 7 | |
| War Mill | 2 | |
| Watch Tower | 12 | |
| Stronghold | 3 | |
| Voodoo Lounge | 5 | |
| Beastiary | 5 | |
| Fortress | 2 | |
| Great Hall | 2 | |
| Barracks | 1 | |
41 total
» build order
00:05 Altar of Storms
00:09 Altar of Storms
00:13 Orc Burrow
00:30 War Mill
01:34 Orc Burrow
01:45 Watch Tower
02:15 Watch Tower
03:10 Stronghold
03:22 Watch Tower
03:30 Voodoo Lounge
03:52 Watch Tower
05:40 Beastiary
05:42 Beastiary
05:54 Beastiary
06:05 Fortress
06:05 Fortress
06:53 Orc Burrow
07:41 Great Hall
07:43 Watch Tower
07:44 Watch Tower
07:44 Watch Tower
07:47 Great Hall
07:48 Watch Tower
07:49 Watch Tower
07:50 Watch Tower
08:28 Watch Tower
09:17 Watch Tower
14:25 Voodoo Lounge
14:27 Voodoo Lounge
16:52 Voodoo Lounge
91:16 Stronghold
91:19 Orc Burrow
91:20 Orc Burrow
93:43 Beastiary
93:50 Beastiary
95:34 Orc Burrow
97:13 Voodoo Lounge
99:06 Orc Burrow
307:08 Barracks
307:58 War Mill
» items
| Boots of Speed | 2 | |
| Staff of Teleportation | 2 | |
| Healing Salve | 3 | |
| Lesser Clarity Potion | 2 | |
| Orb of Lightning | 2 | |
| Potion of Healing | 2 | |
| Scroll of Speed | 2 | |
| Staff of Sanctuary | 1 | |
| Periapt of Vitality | 4 | |
| Tiny Great Hall | 1 | |
| Mechanical Critter | 1 | |
22 total
MyLiegeCyrus (
purple | 39 APM | 12857 actions | 328:47)
6 Archmage
3 Blizzard
2 Brilliance Aura
1 Mass Teleport
6 Mountain King
3 Storm Bolt
3 Bash
4 Paladin
2 Holy Light
2 Divine Shield
» actions
| Assign group hotkey | 448 | |
| Basic commands | 167 | |
| Build / train | 104 | |
| Enter build submenu | 56 | |
| Enter hero's abilities submenu | 16 | |
| Give item / drop item | 5 | |
| Remove unit from queue | 1 | |
| Right click | 6326 | |
| Select / deselect | 962 | |
| Select group hotkey | 4277 | |
| Use ability | 495 | |
12857 total
» units
| Peasant | 21 | |
| Goblin Zeppelin | 2 | |
23 total
» upgrades
| Masonry | 3 | |
| Magic Sentry | 1 | |
| Lumber Harvesting | 2 | |
6 total
» buildings
| Altar of Kings | 3 | |
| Farm | 7 | |
| Lumber Mill | 2 | |
| Scout Tower | 40 | |
| Arcane Tower | 13 | |
| Guard Tower | 19 | |
| Keep | 1 | |
| Arcane Sanctum | 1 | |
| Castle | 1 | |
| Town Hall | 1 | |
| Arcane Vault | 3 | |
91 total
» build order
00:07 Altar of Kings
00:20 Farm
00:54 Farm
01:22 Lumber Mill
01:35 Farm
02:32 Scout Tower
02:33 Scout Tower
03:14 Arcane Tower
03:19 Scout Tower
03:26 Guard Tower
03:29 Scout Tower
03:35 Keep
04:03 Guard Tower
04:08 Arcane Tower
04:08 Arcane Tower
04:08 Arcane Tower
04:08 Arcane Tower
04:35 Scout Tower
05:03 Arcane Tower
06:07 Farm
06:51 Scout Tower
06:52 Scout Tower
06:53 Scout Tower
06:53 Scout Tower
07:08 Scout Tower
07:09 Scout Tower
07:12 Arcane Sanctum
07:17 Scout Tower
07:18 Scout Tower
07:29 Arcane Tower
07:33 Castle
07:49 Scout Tower
07:50 Scout Tower
07:55 Arcane Tower
07:58 Arcane Tower
07:59 Guard Tower
07:59 Guard Tower
08:14 Guard Tower
08:20 Scout Tower
08:26 Guard Tower
09:04 Town Hall
09:05 Guard Tower
09:31 Scout Tower
09:31 Scout Tower
09:59 Arcane Tower
10:00 Guard Tower
11:05 Arcane Tower
11:08 Guard Tower
11:08 Guard Tower
11:09 Guard Tower
11:09 Guard Tower
12:21 Arcane Vault
13:16 Scout Tower
14:23 Arcane Vault
14:37 Guard Tower
15:28 Scout Tower
15:30 Scout Tower
17:27 Arcane Tower
17:28 Arcane Tower
17:28 Guard Tower
17:32 Arcane Vault
91:32 Altar of Kings
91:34 Farm
91:39 Altar of Kings
226:23 Lumber Mill
227:38 Farm
228:59 Farm
231:35 Scout Tower
231:38 Scout Tower
231:39 Scout Tower
231:41 Scout Tower
231:46 Scout Tower
231:50 Scout Tower
231:52 Scout Tower
232:02 Scout Tower
232:06 Scout Tower
232:51 Scout Tower
232:54 Scout Tower
233:01 Scout Tower
233:06 Scout Tower
233:07 Scout Tower
235:13 Guard Tower
271:37 Scout Tower
271:41 Scout Tower
272:00 Scout Tower
272:08 Scout Tower
272:23 Guard Tower
273:14 Guard Tower
273:15 Guard Tower
273:22 Guard Tower
» items
| Boots of Speed | 3 | |
| Staff of Teleportation | 3 | |
| Healing Salve | 1 | |
| Scroll of Town Portal | 1 | |
| Staff of Sanctuary | 3 | |
| Scroll of Regeneration | 1 | |
| Orb of Lightning | 3 | |
| Circlet of Nobility | 2 | |
| Periapt of Vitality | 1 | |
| Tiny Great Hall | 1 | |
| Mechanical Critter | 1 | |
20 total
nutsonyochin.de (
pink | 34 APM | 11078 actions | 328:46)
4 Archmage
2 Blizzard
2 Brilliance Aura
3 Mountain King
2 Storm Bolt
1 Bash
3 Paladin
2 Holy Light
1 Divine Shield
» actions
| Assign group hotkey | 31 | |
| Basic commands | 338 | |
| Build / train | 209 | |
| ESC pressed | 25 | |
| Enter build submenu | 104 | |
| Enter hero's abilities submenu | 10 | |
| Give item / drop item | 8 | |
| Right click | 4441 | |
| Select / deselect | 1349 | |
| Select group hotkey | 3490 | |
| Use ability | 1073 | |
11078 total
» units
| Peasant | 20 | |
| Dragonhawk Rider | 34 | |
| Goblin Zeppelin | 9 | |
| Goblin Shredder | 1 | |
| Sorceress | 2 | |
66 total
» upgrades
| Masonry | 3 | |
| Lumber Harvesting | 1 | |
| Magic Sentry | 1 | |
| Cloud | 1 | |
| Animal War Training | 1 | |
| Armor | 3 | |
| Swords | 3 | |
| Sorceress Training | 2 | |
15 total
» buildings
| Altar of Kings | 2 | |
| Farm | 20 | |
| Lumber Mill | 4 | |
| Scout Tower | 139 | |
| Arcane Tower | 15 | |
| Guard Tower | 79 | |
| Arcane Vault | 3 | |
| Town Hall | 4 | |
| Keep | 2 | |
| Arcane Sanctum | 2 | |
| Castle | 1 | |
| Gryphon Aviary | 4 | |
| Barracks | 1 | |
| Blacksmith | 2 | |
278 total
» build order
00:03 Altar of Kings
00:10 Farm
00:23 Lumber Mill
00:56 Scout Tower
01:09 Scout Tower
01:21 Arcane Tower
01:22 Arcane Tower
01:45 Guard Tower
01:45 Guard Tower
01:45 Guard Tower
02:04 Scout Tower
02:06 Scout Tower
02:12 Farm
02:14 Scout Tower
02:15 Scout Tower
02:44 Guard Tower
02:44 Guard Tower
02:48 Scout Tower
02:49 Scout Tower
03:30 Guard Tower
04:04 Guard Tower
04:11 Arcane Vault
04:44 Town Hall
04:49 Scout Tower
04:50 Scout Tower
04:51 Scout Tower
04:52 Scout Tower
04:54 Scout Tower
04:55 Scout Tower
04:56 Scout Tower
04:57 Scout Tower
05:03 Farm
05:21 Guard Tower
05:30 Guard Tower
05:30 Guard Tower
05:39 Guard Tower
05:49 Guard Tower
05:49 Guard Tower
05:49 Guard Tower
05:57 Scout Tower
06:03 Guard Tower
06:17 Guard Tower
06:31 Guard Tower
06:37 Scout Tower
06:47 Guard Tower
06:48 Guard Tower
07:06 Scout Tower
07:07 Scout Tower
07:10 Scout Tower
07:17 Arcane Tower
07:39 Guard Tower
08:05 Keep
09:16 Scout Tower
09:17 Scout Tower
09:19 Scout Tower
09:22 Scout Tower
09:23 Scout Tower
09:43 Scout Tower
09:44 Scout Tower
09:52 Guard Tower
10:32 Arcane Sanctum
10:35 Guard Tower
10:39 Guard Tower
11:27 Castle
12:19 Gryphon Aviary
13:39 Arcane Vault
13:43 Gryphon Aviary
13:45 Barracks
13:51 Blacksmith
13:54 Blacksmith
16:54 Farm
16:55 Farm
21:33 Town Hall
21:36 Scout Tower
21:36 Scout Tower
21:37 Scout Tower
21:37 Scout Tower
21:38 Scout Tower
21:38 Scout Tower
21:39 Scout Tower
21:40 Scout Tower
21:41 Scout Tower
21:41 Scout Tower
21:41 Scout Tower
21:42 Scout Tower
22:04 Arcane Tower
22:05 Guard Tower
22:09 Guard Tower
22:09 Guard Tower
23:13 Guard Tower
24:04 Town Hall
24:38 Scout Tower
24:39 Scout Tower
24:40 Scout Tower
24:40 Scout Tower
24:42 Scout Tower
24:42 Scout Tower
24:42 Scout Tower
24:43 Scout Tower
24:44 Scout Tower
24:46 Scout Tower
24:47 Scout Tower
24:48 Scout Tower
25:24 Guard Tower
25:35 Guard Tower
25:44 Guard Tower
26:06 Arcane Tower
26:07 Arcane Tower
26:08 Arcane Tower
26:09 Guard Tower
26:33 Lumber Mill
30:47 Town Hall
30:57 Scout Tower
30:57 Scout Tower
30:58 Scout Tower
30:59 Scout Tower
31:00 Scout Tower
31:00 Scout Tower
31:01 Scout Tower
31:01 Scout Tower
31:03 Scout Tower
31:03 Scout Tower
31:04 Scout Tower
31:05 Scout Tower
31:31 Guard Tower
32:03 Guard Tower
32:20 Guard Tower
32:22 Scout Tower
32:23 Scout Tower
32:24 Scout Tower
32:26 Scout Tower
32:27 Guard Tower
32:32 Guard Tower
32:33 Guard Tower
32:36 Scout Tower
32:37 Scout Tower
32:38 Scout Tower
32:38 Scout Tower
32:58 Arcane Tower
33:07 Guard Tower
33:07 Guard Tower
33:14 Scout Tower
33:14 Scout Tower
33:15 Scout Tower
33:16 Scout Tower
33:18 Scout Tower
33:18 Scout Tower
33:19 Scout Tower
33:20 Scout Tower
33:21 Scout Tower
33:22 Scout Tower
33:23 Scout Tower
33:23 Scout Tower
33:24 Scout Tower
33:25 Scout Tower
33:26 Scout Tower
33:30 Arcane Tower
33:32 Guard Tower
33:32 Guard Tower
33:33 Guard Tower
33:33 Guard Tower
33:34 Guard Tower
33:34 Guard Tower
33:46 Arcane Tower
34:14 Arcane Tower
35:19 Guard Tower
37:07 Guard Tower
37:33 Scout Tower
37:33 Scout Tower
37:34 Scout Tower
37:34 Scout Tower
37:35 Scout Tower
37:37 Scout Tower
37:38 Scout Tower
37:40 Scout Tower
38:13 Guard Tower
38:45 Guard Tower
38:50 Arcane Tower
38:55 Arcane Tower
40:07 Guard Tower
40:25 Altar of Kings
91:07 Gryphon Aviary
91:08 Gryphon Aviary
91:57 Farm
91:57 Farm
91:58 Farm
91:59 Farm
92:00 Farm
92:01 Farm
92:02 Farm
94:41 Scout Tower
94:42 Scout Tower
94:44 Scout Tower
94:45 Scout Tower
94:45 Scout Tower
94:49 Scout Tower
94:50 Scout Tower
94:51 Scout Tower
94:53 Scout Tower
94:54 Scout Tower
94:55 Scout Tower
94:56 Scout Tower
94:56 Scout Tower
95:10 Lumber Mill
96:26 Farm
96:27 Farm
96:28 Farm
96:28 Farm
96:29 Guard Tower
97:05 Guard Tower
97:53 Guard Tower
97:59 Scout Tower
98:00 Scout Tower
98:01 Scout Tower
98:33 Keep
98:40 Arcane Vault
98:51 Guard Tower
99:16 Guard Tower
99:37 Guard Tower
99:41 Scout Tower
99:42 Scout Tower
99:43 Scout Tower
99:44 Scout Tower
99:55 Farm
99:56 Farm
99:57 Farm
100:35 Guard Tower
100:53 Farm
100:57 Guard Tower
101:27 Scout Tower
101:27 Scout Tower
101:28 Scout Tower
101:29 Scout Tower
101:33 Scout Tower
101:34 Scout Tower
101:35 Scout Tower
101:36 Scout Tower
101:46 Scout Tower
101:46 Scout Tower
101:47 Scout Tower
101:48 Scout Tower
102:01 Guard Tower
102:03 Guard Tower
103:19 Guard Tower
103:22 Guard Tower
103:35 Guard Tower
103:42 Arcane Tower
104:03 Guard Tower
104:09 Guard Tower
104:10 Guard Tower
104:23 Scout Tower
104:47 Guard Tower
104:52 Guard Tower
104:57 Arcane Sanctum
105:04 Guard Tower
111:38 Scout Tower
111:44 Scout Tower
111:47 Scout Tower
111:50 Scout Tower
111:56 Scout Tower
112:12 Guard Tower
113:49 Guard Tower
114:11 Guard Tower
119:56 Scout Tower
119:57 Scout Tower
119:58 Scout Tower
120:08 Scout Tower
120:16 Scout Tower
120:31 Guard Tower
121:36 Guard Tower
121:52 Guard Tower
122:17 Guard Tower
133:14 Scout Tower
133:50 Arcane Tower
228:08 Lumber Mill
» items
| Staff of Teleportation | 3 | |
| Boots of Speed | 2 | |
| Staff of Sanctuary | 3 | |
| Orb of Lightning | 3 | |
| Healing Salve | 1 | |
| Circlet of Nobility | 3 | |
| Periapt of Vitality | 2 | |
17 total
Chat log
(00:44 / All) Der_Stiernacken: plz no more stats hacking clowns:..
(00:58 / All) MyLiegeCyrus: lol :]
(01:17 / All) CumshotYourDad: i piss on your stats
(01:34 / All) nutsonyochin.de: what speak u mean?? no english sry
(01:44 / All) CumshotYourDad: suck our cocks
(01:47 / All) Der_Stiernacken: bist dun affe?
(01:49 / All) MyLiegeCyrus: reddit???
(01:54 / All) nutsonyochin.de: do not understand word being cocks ?
(01:56 / All) baby_in_pram: le 9gag?
(02:05 / All) CumshotYourDad: 'fr?
(18:30 / All) Der_Stiernacken: ?
(43:48 / All) MyLiegeCyrus: how can you maphack and not win already
(43:57 / All) baby_in_pram: kind of embarrassing honestly
(44:03 / All) Der_Stiernacken: coz we are not here for win
(44:06 / All) Der_Stiernacken: bois
(44:11 / All) baby_in_pram: pretty obvious by your play
(44:13 / All) nutsonyochin.de: are you here for being bad at making towers and losing
(44:14 / All) baby_in_pram: (it was poor)
(44:14 / All) CumshotYourDad: how can you gargle my cumshot and talk already?
(44:35 / All) Der_Stiernacken: It aint bout winning or losing
(44:41 / All) Der_Stiernacken: it is about lame
(44:45 / All) MyLiegeCyrus: it's about maphacking and being terrible
(44:45 / All) nutsonyochin.de: your lame is lame
(44:53 / All) Der_Stiernacken: pathetic
(44:59 / All) MyLiegeCyrus: and using circa 1998 internet speak
(45:02 / All) CumshotYourDad: your small penis won t grow anyway
(45:10 / All) CumshotYourDad: so why don t you just shut up
(45:14 / All) nutsonyochin.de: not from this level of skill displayed it wont
(45:14 / All) CumshotYourDad: and suck our cocks?
(45:25 / All) nutsonyochin.de: my dick only grows from 50+ apm
(45:45 / All) nutsonyochin.de: how do you do the same strat as us and maphack and still get destroyed this badly
(45:54 / All) nutsonyochin.de: i havent played this game in years
(45:59 / All) CumshotYourDad: its not the same strat
(46:03 / All) CumshotYourDad: you are statsboys
(46:07 / All) CumshotYourDad: we are lamer
(46:16 / All) nutsonyochin.de: yeah look at me
(46:18 / All) nutsonyochin.de: 50%
(46:23 / All) nutsonyochin.de: play a game every 4 months, im a statsboy
(46:27 / All) CumshotYourDad: y
(46:28 / All) Der_Stiernacken: you play for stats
(46:29 / All) CumshotYourDad: you are
(46:31 / All) Der_Stiernacken: nth else
(46:31 / All) DerUeberNlGGER: UGA UGA
(46:36 / All) Der_Stiernacken: stats are your life
(46:41 / All) CumshotYourDad: look at your stats boi
(46:42 / All) nutsonyochin.de: the only stat i keep track of is how many shitlord maphackers ive wrecke
(46:43 / All) DerUeberNlGGER: you are my ape
(46:46 / All) DerUeberNlGGER: UGA UGA
(46:46 / All) CumshotYourDad: cuz you are a statsboi
(46:49 / All) baby_in_pram: and that number is Very Large
(46:53 / All) nutsonyochin.de: another notch in the belt, U guys are #2
(47:00 / All) CumshotYourDad: i have maphack
(47:02 / All) CumshotYourDad: so what?
(47:08 / All) Der_Stiernacken: you mean your welter belt :D ?^^
(47:22 / All) nutsonyochin.de: you should shoot towers before
(47:24 / All) nutsonyochin.de: so we dont get exp
(47:29 / All) baby_in_pram: this is basic stuff guys
(47:31 / All) nutsonyochin.de: is this your first time making towers
(47:40 / All) nutsonyochin.de: alchemists are also really bad picks
(47:45 / All) baby_in_pram: Warden is far superior
(47:49 / All) nutsonyochin.de: you'd be better served by warden if you want to "
(47:50 / All) baby_in_pram: blink is great, shadow strike for sniping units
(47:50 / All) nutsonyochin.de: lame
(48:03 / All) CumshotYourDad: u know nothing about lame
(48:05 / All) CumshotYourDad: statsboi
(48:06 / All) nutsonyochin.de: ill add you guys to friends list, every change of the season i'll pop up and give you a tip
(48:16 / All) Der_Stiernacken: It is like a nigger talking bout white purity
(48:19 / All) MyLiegeCyrus: I know all about lame, it's what you do in cs 1.6 in 2002
(48:26 / All) nutsonyochin.de: wow
(48:30 / All) nutsonyochin.de: U just going to take that??
(48:40 / All) Der_Stiernacken: stop wimpelling and show some didnity cant you?
(48:48 / All) nutsonyochin.de: didnity
(48:52 / All) nutsonyochin.de: wimpelling
(49:25 / All) nutsonyochin.de: yawn -"me"
(49:31 / All) baby_in_pram: you guys wanna hear about the longest game we played ?
(49:32 / All) Der_Stiernacken: cry more
(49:35 / All) CumshotYourDad: tell me more about your small dick
(49:39 / All) Der_Stiernacken: tell me ^^
(49:40 / All) CumshotYourDad: "oh its so small"
(49:51 / All) Der_Stiernacken: mine is 40 hours
(49:53 / All) nutsonyochin.de: stretch and yawn, "sips on coffe, smiles across entire face. disgust at u" -me
(50:23 / All) CumshotYourDad: oh your longest game wasn t 40 hours, hugh?
(50:26 / All) nutsonyochin.de: ~slight itch on face, scratch as He clicks blizzard once more on moon well"
(50:28 / All) baby_in_pram: ahhh, another trio of fat german childes wrecked.
(50:31 / All) DerUeberNlGGER: are u trying to count over 40?
(50:31 / All) baby_in_pram: 40 hours is nothing
(50:51 / All) CumshotYourDad: 40 hours is way longer than your small dick
(50:52 / All) Der_Stiernacken: you mean 3 german muscle monsters?
(50:54 / All) nutsonyochin.de: *meow*
(50:55 / All) baby_in_pram: if you think 40 hours is the record you aint even close kiddos
(50:58 / All) MyLiegeCyrus: clan towa scoffs at your hour [count]
(51:08 / All) Der_Stiernacken: no one said that
(51:10 / All) nutsonyochin.de: my dick is 45 hours long
(51:13 / All) Der_Stiernacken: just my longest game
(51:16 / All) CumshotYourDad: no
(51:18 / All) Der_Stiernacken: are u still pupils?
(51:28 / All) nutsonyochin.de: my dick is 45 lightyears across
(51:30 / All) baby_in_pram: im a dad of 3
(51:36 / All) baby_in_pram: you 3 baby children are my german children
(51:37 / All) Der_Stiernacken: sorry for you
(51:40 / All) nutsonyochin.de: it stretches from my house to halfway down your moms HUGE vagina
(51:42 / All) baby_in_pram: i fathered U
(51:44 / All) nutsonyochin.de: because its big
(51:57 / All) CumshotYourDad: the only way for you to get a big dick is when someone fucks your ass/mouth
(52:00 / All) CumshotYourDad: so shut up
(52:47 / All) nutsonyochin.de: orc towers are shit for this maybe you want human
(53:00 / All) baby_in_pram: basically you guys did a lot of stuff wrong this game.
(53:02 / All) Der_Stiernacken: jetzt mal ehrlich wie dumm seid ihr eigentlich?????
(53:06 / All) MyLiegeCyrus: sub par perching
(53:07 / All) nutsonyochin.de: english please
(53:12 / All) nutsonyochin.de: we owned you twice, speak my language
(53:18 / All) baby_in_pram: come on now my sons
(53:27 / All) Der_Stiernacken: ihr habt nur kaSSiert
(53:31 / All) Der_Stiernacken: und labert hier rum
(53:34 / All) MyLiegeCyrus: hey where do you live
(53:35 / All) Der_Stiernacken: echt der hammer
(53:36 / All) MyLiegeCyrus: in germany
(53:37 / All) nutsonyochin.de: baby german cant even do a ss
(53:39 / All) Der_Stiernacken: bonn
(53:41 / All) CumshotYourDad: you tell me to "speak your language" but i won t put a cock inside my mouth
(53:44 / All) CumshotYourDad: sry
(53:45 / All) DerUeberNlGGER: My dick is so much oversize, I can't even lift it and I do deadlifts with 395lbs.
(54:29 / All) Der_Stiernacken: LAME
(54:30 / All) Der_Stiernacken: LAME
(54:32 / All) Der_Stiernacken: LAME
(54:38 / All) Der_Stiernacken: the fans are cheering
(55:37 / All) baby_in_pram: signed, sealed, delivered
(55:41 / All) DerUeberNlGGER: y
(55:46 / All) DerUeberNlGGER: my cock in your mouth
(55:51 / All) DerUeberNlGGER: yummy
(55:58 / All) DerUeberNlGGER: u know my cock?
(55:59 / All) CumshotYourDad: i hope you enjoy the cum
(56:03 / All) DerUeberNlGGER: his name is James
(56:04 / All) CumshotYourDad: all over your children smile
(56:11 / All) CumshotYourDad: james is huge
(56:14 / All) CumshotYourDad: u know?
(56:23 / All) DerUeberNlGGER: u like him?
(56:25 / All) baby_in_pram: you 3 have disappointed your dad today.
(56:25 / All) DerUeberNlGGER: yes
(56:26 / All) Der_Stiernacken: jetzt haut ihr lame den ganzen saft aus der pfeife
(56:29 / All) CumshotYourDad: john gokkun
(56:30 / All) baby_in_pram: i am disappointed in you my german sons
(56:37 / All) DerUeberNlGGER: he don't like you
(56:45 / All) DerUeberNlGGER: but he will cum over u dads cunt
(56:50 / All) Der_Stiernacken: ihr melkt lame ab wien bulllen auf der besamungsstation
(56:54 / All) Der_Stiernacken: XD
(57:00 / All) DerUeberNlGGER: and the he spit a firestorm of Herrensahne
(57:05 / All) DerUeberNlGGER: u know Herrensahne?
(59:19 / All) DerUeberNlGGER: kele the sucker
(59:25 / All) DerUeberNlGGER: u know u suck dick?
(59:33 / All) CumshotYourDad: y they know
(59:35 / All) Der_Stiernacken: 28000 gold
(59:36 / All) Der_Stiernacken: ^^
(59:41 / All) DerUeberNlGGER: suck my dick and look at his cock
(59:55 / All) CumshotYourDad: gold won t help you to grow your dick
(59:57 / All) CumshotYourDad: so np
(60:31 / All) Der_Stiernacken: you will get 29000 pink
(60:38 / All) Der_Stiernacken: for reviving heroes
(61:36 / All) CumshotYourDad: it seems like your cock is smaller than i expected
(61:44 / All) DerUeberNlGGER: way smaller
(61:50 / All) DerUeberNlGGER: do u even lift?
(62:00 / All) Der_Stiernacken: kids are angry and stop writing
(62:06 / All) DerUeberNlGGER: no
(62:10 / All) DerUeberNlGGER: they suck my dick
(62:21 / All) DerUeberNlGGER: and u know it is realy huge
(62:29 / All) CumshotYourDad: y its a job for 3
(62:30 / All) DerUeberNlGGER: and there is way to much cum for them
(62:42 / All) DerUeberNlGGER: they are gargling like hell
(62:44 / All) CumshotYourDad: they can t swallow it all
(62:51 / All) DerUeberNlGGER: but u could also tell it waterboarding
(62:57 / All) CumshotYourDad: i think orange will drown first
(63:04 / All) DerUeberNlGGER: lean back and enjoy
(63:16 / All) DerUeberNlGGER: shit where is my towel?
(63:25 / All) DerUeberNlGGER: don't eat that towel
(63:29 / All) CumshotYourDad: np just use their t-shirt
(65:50 / All) Der_Stiernacken: wise words
(65:58 / All) Der_Stiernacken: statsbois are never afk ^^
(67:16 / All) Der_Stiernacken: how important these stats gotta be for you^^
(85:24 / All) Der_Stiernacken: statsbois are never afk
(98:28 / All) Der_Stiernacken: now lame got you the way he wanted to
(98:44 / All) Der_Stiernacken: with his dick in your mouth
(107:57 / All) Der_Stiernacken: how much that one game matters to you
(108:13 / All) Der_Stiernacken: leave with the rest of honour you juts have kept
(132:39 / All) Der_Stiernacken: STAAAAAAAAAATS
(175:58 / All) Der_Stiernacken: GO BACK !!!
(176:57 / All) Der_Stiernacken: LAME
(177:08 / All) Der_Stiernacken: AGAINST STATSBOIS!!!